 Dungeon Crawl Stone Soup version 0.30-a0-210-g01b79a254e (webtiles) character file.

Game seed: 15174283843764119567

834 KennySheep the Trooper (level 7, 0/74 HPs)
             Began as an Ogre Gladiator on Oct 5, 2022.
             Was an Initiate of Gozag.
             Slain by an iguana (10 damage)
             ... on level 6 of the Dungeon.
             The game lasted 00:09:09 (5204 turns).

KennySheep the Trooper (Ogre Gladiator)             Turns: 5204, Time: 00:09:10

Health: 0/74       AC:  3    Str: 21    XL:     7   Next: 98%
Magic:  7/7        EV: 10    Int:  9    God:    Gozag
Gold:   148        SH:  0    Dex: 10    Spells: 6/6 levels left

rFire   . . .      SeeInvis .    r - +1 giant spiked club
rCold   . . .      Faith    .    (shield currently unavailable)
rNeg    . . .      Spirit   .    b - +0 robe
rPois   .          Reflect  .    c - +0 hat
rElec   .          Harm     .    (no cloak)
rCorr   .          Rampage  .    (gloves unavailable)
Will    .....                    (boots unavailable)
Stlth   +.........               (no amulet)
HPRegen 0.32/turn                (no ring)
MPRegen 0.10/turn                (no ring)

@: no status effects
A: large, unfitting armour, tough skin 1
a: Renounce Religion, Potion Petition, Call Merchant, Bribe Branch


You were on level 6 of the Dungeon.
You worshipped Gozag.
Gozag was aware of your devotion.
You visited 2 branches of the dungeon, and saw 7 of its levels.

You collected 351 gold pieces.
You spent 157 gold pieces at shops.
You paid 46 gold pieces to Gozag.

Inventory:

Hand Weapons
 a - a +0 flail
 o - the +6 quarterstaff of Elliy {freeze, *Slow rPois rC- Stlth+}
   (You found it on level 5 of the Dungeon)

   It freezes those it strikes, dealing additional cold damage.
   It can also slow down cold-blooded creatures.
   rC:        It makes you vulnerable to cold.
   rPois:     It protects you from poison.
   *Slow:     It may slow you when you take damage.
   Stlth:     It makes you more stealthy.
 r - a +1 giant spiked club (weapon)
Missiles
 d - 2 throwing nets (quivered)
Armour
 b - a +0 robe (worn)
 c - a +0 hat (worn)
Jewellery
 e - a ring of ice
Wands
 q - a wand of polymorph (7)
 t - a wand of paralysis (13)
Scrolls
 f - 2 scrolls of vulnerability
 g - a scroll of blinking
 i - 4 scrolls of magic mapping
 l - 3 scrolls of teleportation
 m - a scroll of identify
 s - a scroll of fog {unknown}
Potions
 h - a potion of ambrosia
 j - a potion of brilliance {unknown}
 k - 2 potions of haste {unknown}
 n - 4 potions of curing {unknown}
 p - a potion of heal wounds {unknown}


   Skills:
 + Level 5.9 Fighting
 * Level 5.7 Maces & Flails
 - Level 4.6 Throwing
 - Level 3.7 Dodging


You had 6 spell levels left.
You didn't know any spells.
Your spell library was empty.

Dungeon Overview and Level Annotations

Branches:
Dungeon (6/15)             Temple (1/1) D:4

Altars:
Ashenzari
Cheibriados
Elyvilon
Fedhas
Gozag
Hepliaklqana
Kikubaaqudgha
Nemelex Xobeh
Okawaru
Ru
Sif Muna
Trog
Uskayaw
Vehumet
Xom
Yredelemnul
Zin
The Shining One

Shops:
D:5 ?

Annotations:
D:2 1 runed translucent door, Crazy Yiuf
D:6 Menkaure


Innate Abilities, Weirdness & Mutations

You are too large for most types of armour.
You have tough skin. (AC +1)


Message History

The ice beast hits you but does no damage.
You impale the ice beast!!
You kill the ice beast!
No target in view!
You now have 148 gold pieces (gained 15).
t - a wand of paralysis (13)
Found a leather armour.
Found a robe.
Found a stone staircase leading up.
Menkaure, Prince of Dust comes into view.
Found a robe.
Menkaure shouts!
Menkaure is nearby!
Found a pair of boots and a leather armour.
Found 6 gold pieces.
Menkaure gestures at you while chanting.
You struggle to resist.
An iguana comes into view.
Found an escape hatch in the ceiling.
Menkaure grins.
Menkaure closely misses you.
The iguana hisses angrily.
You thump Menkaure!
Menkaure is heavily damaged.
Menkaure casts a spell.
Menkaure seems to speed up.
You barely miss Menkaure.
Menkaure is heavily damaged.
Menkaure calls on the powers of darkness!
Your body is wracked with pain!
The iguana convulses!
Menkaure hits you!!
* * * LOW HITPOINT WARNING * * *
You barely miss Menkaure.
Menkaure is heavily damaged.
The iguana closely misses you.
Menkaure calls on the powers of darkness!
The iguana convulses!
Your body is wracked with pain!
* * * LOW HITPOINT WARNING * * *
The iguana bites you!
You die...
Your body crumbles into a pile of gold.

##### ####
#.......# ....
#.....<.## ####
#...$..... .#
##........# #.#
......[...# #.###
........#.#####
#.#..
......lM.......
#.#.# ...[...@..#
#.#). ........[.#
#######.###
...[......#
#.......#.#
..######..#
#.#.......# .
+<......#
#.#.#####.#
######..#
#.#........ #..#
#.#######.#
#.#####.....[...#
#........########


You could see Menkaure (fast) and an iguana.

Vanquished Creatures
  An ice beast (D:6)
  An ogre (D:5)
  2 phantoms
  A necrophage (D:4)
  2 scorpions
  2 hounds
  An iguana (D:5)
  An orc wizard (D:4)
  8 adders
  2 white imps (D:6)
  2 ufetubi (D:5)
  2 worms
  4 dart slugs
  10 orcs
  7 bats
  7 endoplasms
  5 giant cockroaches
  10 goblins
  7 hobgoblins
  3 kobolds
  7 quokkas
  6 ball pythons
  2 frilled lizards
  6 rats
99 creatures vanquished.

Vanquished Creatures (others)
  An adder (D:4)
1 creature vanquished.

Grand Total: 100 creatures vanquished

Notes
Turn   | Place    | Note
-------+----------+-------------------------------------------
     0 | D:1      | KennySheep the Ogre Gladiator began the quest for the Orb.
     0 | D:1      | Reached XP level 1. HP: 22/22 MP: 1/1
    90 | D:1      | Reached XP level 2. HP: 27/29 MP: 2/2
   406 | D:1      | Reached XP level 3. HP: 36/37 MP: 3/3
   905 | D:2      | Found a faded altar of an unknown god.
  1023 | D:2      | Found a runed translucent door.
  1024 | D:2      | Noticed Crazy Yiuf
  1058 | D:2      | Found a shimmering altar of Xom.
  1333 | D:2      | Reached XP level 4. HP: 41/45 MP: 4/4
  2265 | D:3      | Reached XP level 5. HP: 54/54 MP: 5/5
  2620 | D:4      | Noticed a phantom
  2934 | D:4      | Reached XP level 6. HP: 43/62 MP: 6/6
  3771 | D:4      | Found a staircase to the Ecumenical Temple.
  3787 | Temple   | Entered the Ecumenical Temple
  3874 | Temple   | Became a worshipper of Gozag Ym Sagoz the Greedy
  4028 | D:5      | Entered Level 5 of the Dungeon
  4059 | D:5      | Reached XP level 7. HP: 40/71 MP: 7/7
  4169 | D:5      | Found Uqine's Magic Scroll Boutique.
  4190 | D:5      | Bought a scroll of magic mapping for 112 gold pieces
  4190 | D:5      | Bought a scroll of teleportation for 45 gold pieces
  4272 | D:5      | Reached skill level 5 in Fighting
  4272 | D:5      | Reached skill level 5 in Maces & Flails
  4564 | D:5      | Identified the +6 quarterstaff of Elliy {freeze, *Slow
                  | rPois rC- Stlth+}
  4789 | D:5      | Found a glowing golden altar of the Shining One.
  4789 | D:5      | Found a blossoming altar of Fedhas.
  4790 | D:5      | Found an ancient bone altar of Kikubaaqudgha.
  5197 | D:6      | Noticed Menkaure
  5204 | D:6      | Slain by an iguana

Illustrated notes

Levels and vault maps discovered:
D:1:      dpeg_arrival_houses_and_road, layout_basic,
          amcnicky_mini_rare_corridor_liquid, minivault_4
D:2:      layout_basic, basic_altar, chequers_ecumenical_altar_island,
          uniq_crazy_yiuf_cottage
D:3:      layout_loops_ring
D:4:      layout_basic, temple_fountains
D:5:      layout_gridville, gammafunk_temple_overflow_claw, serial_shops,
          nicolae_shop_trees
D:6:      layout_basic, uniq_menkaure
Temple:   hellmonk_temple_of_storms

Skill      XL: |  1  2  3  4  5  6  7 |
---------------+----------------------+-----
Fighting       | 3 4 5 |  5.9
Maces & Flails | 3 4 5 |  5.7
Dodging        | 3 |  3.7
Throwing       | 3 4 |  4.6

Action                   |  1- 3 |  4- 6 |  7- 9 || total
-------------------------+-------+-------+-------++-------
Melee: Flail             |   118 |   213 |       ||   331
       Punch             |       |     1 |       ||     1
       Giant spiked club |       |       |    53 ||    53
Throw: Large rock        |     5 |       |       ||     5
       Throwing net      |     1 |     1 |       ||     2
  Use: Potion            |       |     3 |       ||     3
       Scroll            |       |     1 |     6 ||     7
Armor: Robe              |    61 |    51 |    20 ||   132
Dodge: Dodged            |    88 |   126 |    36 ||   250

Table legend: (Time is in decaauts)
 A = Elapsed time spent in this place.
 B = Non-inter-level travel time spent in this place.
 C = Inter-level travel time spent in this place.
 D = Time resting spent in this place.
 E = Time spent auto-exploring this place.
 F = Levels seen in this place.
 G = Mean time per level.
                   A        B        C        D        E       F      G
               +--------+--------+--------+--------+--------+-----+--------+
         Total |   5322 |   5158 |    164 |    542 |   3670 |   7 |  760.3 |
       Dungeon |   5219 |   5069 |    150 |    542 |   3615 |   6 |  869.8 |
        Temple |    102 |     88 |     14 |      0 |     55 |   1 |  102.0 |
               +--------+--------+--------+--------+--------+-----+--------+

Top non-repeatable levels by time:
     D:4: 1338 daAuts
     D:5: 1084 daAuts
     D:3: 1018 daAuts
     D:1: 874 daAuts
     D:2: 782 daAuts
     D:6: 121 daAuts
  Temple: 102 daAuts
